 Dungeon Crawl Stone Soup version 0.28.0-43-g3370ac3207 (webtiles) character file.

Game seed: 5440512043516612329

11 croobank the Cudgeller (level 2, -7/23 HPs)
             Began as a Gnoll Wanderer on Mar 31, 2022.
             Mangled by a gnoll
             ... wielding a +0 spear
              (8 damage)
             ... on level 2 of the Dungeon.
             The game lasted 00:04:12 (781 turns).

croobank the Cudgeller (Gnoll Wanderer)              Turns: 781, Time: 00:04:12

Health: -7/23      AC:  3    Str: 10    XL:     2   Next: 25%
Magic:  2/2        EV: 12    Int:  8    God:
Gold:   13         SH:  0    Dex: 15    Spells: 1/1 levels left

rFire   . . .      SeeInvis .   a - +2 mace
rCold   . . .      Faith    .   (no shield)
rNeg    . . .      Spirit   .   e - +0 leather armour
rPois   .          Reflect  .   (no helmet)
rElec   .          Harm     .   (no cloak)
rCorr   .          Rampage  .   (no gloves)
Will    .....                   (no boots)
Stlth   +.........              (no amulet)
HPRegen 0.07/turn               (no ring)
MPRegen 0.08/turn               (no ring)

@: no status effects
A: fangs 1, strong nose, distributed training
a: no special abilities


You were on level 2 of the Dungeon.
You visited 1 branch of the dungeon, and saw 2 of its levels.

You collected 37 gold pieces.
You spent 24 gold pieces at shops.

Inventory:

Hand Weapons
 a - a +2 mace (weapon)
 b - a +0 hunting sling
 d - a +0 dagger
 h - a +0 spear
 i - a +0 rapier
Missiles
 c - 13 poisoned darts (quivered)
 f - 4 sling bullets
 j - 21 bolts
 l - a stone
 m - 15 arrows
Armour
 e - a +0 leather armour (worn)
Scrolls
 g - a scroll of identify
 k - a scroll of fog


   Skills:
 + Level 2.4 Fighting
 + Level 0.3 Short Blades
 + Level 0.3 Long Blades
 + Level 0.3 Axes
 + Level 6.4 Maces & Flails
 + Level 4.4 Polearms
 + Level 0.3 Staves
 + Level 0.3 Slings
 + Level 0.3 Bows
 + Level 0.3 Crossbows
 + Level 2.4 Throwing
 + Level 0.3 Armour
 + Level 2.4 Dodging
 + Level 0.3 Stealth
 + Level 0.3 Shields
 + Level 0.3 Unarmed Combat
 + Level 0.3 Spellcasting
 + Level 0.2 Conjurations
 + Level 0.2 Hexes
 + Level 0.2 Summonings
 + Level 0.2 Necromancy
 + Level 0.2 Translocations
 + Level 0.2 Transmutations
 + Level 0.2 Fire Magic
 + Level 0.2 Ice Magic
 + Level 0.2 Air Magic
 + Level 0.2 Earth Magic
 + Level 0.2 Poison Magic
 + Level 0.4 Invocations
 + Level 4.4 Evocations


You had one spell level left.
You didn't know any spells.
Your spell library contained the following spells:

 Spells                   Type           Power      Damage    Failure   Level
 Ensorcelled Hibernation  Hex/Ice        0%         N/A       63%         2
 Spider Form              Tmut/Pois      0%         N/A       85%         3
 Anguish                  Hex/Necr       0%         N/A       99%         4


Dungeon Overview and Level Annotations

Branches:
Dungeon (2/15)

Altars:

Shops:
D:1 *


Innate Abilities, Weirdness & Mutations

You have very sharp teeth.
Your uncanny sense of smell can sniff out nearby items.
Your experience applies equally to all skills.


Message History

You kill the frilled lizard!
No target in view!
You see here a frilled lizard corpse.
Done exploring.
Done exploring.
(D) Dungeon
Where to? (? - help)
There is a stone staircase leading down here.
You climb downwards.
The gnoll shouts!
You hear a shout!
There is a stone staircase leading up here.
There are monsters nearby!
The gnoll shouts!
A gnoll comes into view. It is wielding a +0 flail.
The gnoll throws a throwing net.
The throwing net hits you.
You become entangled in the net!
The rat bites you.
You struggle against the net.
The hobgoblin shouts!
The rat bites you.
You struggle against the net.
The rat bites you.
You struggle against the net.
The rat bites you but does no damage. The gnoll hits you with a +0 club.
The gnoll hits you from afar with a +0 spear.
It was a potion of magic.
Magic courses through your body. The gnoll closely misses you.
The rat bites you but does no damage.
The gnoll hits you from afar with a +0 spear!
You don't know any spells.
Okay, then.
You rip the net and break free!
The rat barely misses you. The gnoll hits you with a +0 club!
* * * LOW HITPOINT WARNING * * *
The gnoll barely misses you.
Sorry, you're not good enough to have a special ability.
You hit the gnoll but do no damage. The rat bites you but does no damage.
The gnoll closely misses you.
You sock the gnoll!
The gnoll is severely wounded.
The rat closely misses you.
The gnoll hits you from afar with a +0 spear!
You die...

#.. #
#.#
.#
#.#
.#
#.#..
#.#.
#g. ∆
#r#
#@#
#g#


gg. ##.## #.# #.# #.# #.# You could see 3 gnolls, a hobgoblin and a rat.

Vanquished Creatures
  A bat (D:1)
  2 endoplasms (D:1)
  2 ball pythons (D:1)
  3 frilled lizards (D:1)
  A goblin (D:1)
  A kobold (D:1)
  2 rats (D:1)
12 creatures vanquished.

Notes
Turn   | Place    | Note
-------+----------+-------------------------------------------
     0 | D:1      | croobank the Gnoll Wanderer began the quest for the Orb.
     0 | D:1      | croobank set off with the following items: a +2 mace, a +0
                  | spear, 8 poisoned darts, a +0 dagger, a +0 leather armour
     0 | D:1      | Reached XP level 1. HP: 17/17 MP: 1/1
   390 | D:1      | Found Eluomn's General Store.
   398 | D:1      | Reached XP level 2. HP: 23/23 MP: 2/2
   401 | D:1      | Bought a scroll of identify for 24 gold pieces
   779 | D:2      | HP: 1/23 [gnoll/+0 club (7)]
   781 | D:2      | Mangled by a gnoll

Illustrated notes

Levels and vault maps discovered:
D:1:      eino_arrival_cavern_d, layout_loops_ring, serial_shops,
          nicolae_diamond_shop
D:2:      layout_basic, minmay_tetromino_o4, uniq_natasha

Action                   || total
-------------------------++-------
Melee: Mace              ||    29
       Bite              ||     2
 Fire: Hunting sling     ||     2
  Use: Scroll            ||     1
       Potion            ||     1
 Stab: Sleeping          ||     1
Armor: Leather armour    ||     8
Dodge: Dodged            ||    20
